 Dungeon Crawl Stone Soup version 0.27-a0-637-g3a9f0a9c12 (webtiles) character file.

Game seed: 355921811773806863

751 porpoise the Skirmisher (level 7, -3/48 HPs)
             Began as a Gargoyle Monk on Mar 15, 2021.
             Slain by Duvessa
             ... wielding a +3 short sword of draining
              (5 damage)
             ... on level 4 of the Dungeon.
             The game lasted 00:14:43 (5586 turns).

porpoise the Skirmisher (Gargoyle Monk)             Turns: 5586, Time: 00:14:43

Health: -3/48      AC: 10    Str: 16    XL:     7   Next: 78%
Magic:  7/7        EV: 10    Int: 11    God:
Gold:   127        SH:  4    Dex: 12    Spells: 6/6 levels left

rFire    . . .     SeeInvis .   a - +0 flail
rCold    . . .     Faith    .   i - +0 buckler
rNeg     + . .     Spirit   .   b - +0 ring mail
rPois    ∞         Reflect  .   h - +0 helmet
rElec    +         Harm     .   (no cloak)
rCorr    .         Rampage  .   (no gloves)
Will     .....                  (no boots)
Stlth    +.........             (no amulet)
HPRegen  0.16/turn              (no ring)
MPRegen  0.10/turn              (no ring)

@: no status effects
A: AC +4, negative energy resistance 1, electricity resistance, torment
resistance 1, unbreathing 1, petrification resistance
a: no special abilities


You were on level 4 of the Dungeon.
You visited 1 branch of the dungeon, and saw 6 of its levels.

You collected 127 gold pieces.

Inventory:

Hand Weapons
 a - a +0 flail (weapon)
Missiles
 e - 32 bolts
 f - 124 stones
 q - 2 poisoned darts (quivered)
Armour
 b - a +0 ring mail (worn)
 h - a +0 helmet (worn)
 i - a +0 buckler (worn)
Jewellery
 c - a ring of wizardry
Scrolls
 d - 2 scrolls of amnesia {unknown}
 g - a scroll of blinking {unknown}
 j - 3 scrolls of identify
 k - a scroll of enchant weapon {unknown}
 m - a scroll of fear
 o - a scroll of immolation
 p - a scroll of fog {unknown}
Potions
 l - a potion of flight
 n - a potion of brilliance


   Skills:
 - Level 7.0 Fighting
 + Level 6.6 Maces & Flails
 - Level 2.4 Dodging
 - Level 2.1 Stealth
 + Level 1.4 Shields


You had 6 spell levels left.
You didn't know any spells.
Your spell library was empty.

Dungeon Overview and Level Annotations

Branches:
Dungeon (6/15)
 Temple: D:4-7

Altars:
Sif Muna
Wu Jian

Annotations:
D:3 2 transporters, GoldenjunoSP's ghost, amateur DrTm
D:4 Duvessa


Innate Abilities, Weirdness & Mutations

Your stone body is resilient. (AC +4)
You are immune to poison.
You resist negative energy. (rN+)
You are resistant to electric shocks. (rElec)
You are resistant to unholy torment.
You can survive without breathing.
You are immune to petrification.


Message History

Aim: Duvessa, wielding a +3 short sword of draining and wearing a +2 leather armour of fire resistance (berserk, 64% to hit)
You throw a poisoned dart. The poisoned dart hits Duvessa.
Duvessa is poisoned.
Throw: 3 darts (poison)
Press: ? - help, Q - select action, (/) - cycle Shift-Dir - straight line, f/p - Duvessa
Aim: Duvessa, wielding a +3 short sword of draining and wearing a +2 leather armour of fire resistance (berserk, poisoned, 64% to hit)
You throw a poisoned dart. The poisoned dart hits Duvessa.
Duvessa looks even sicker.
You sock Duvessa!
Duvessa is lightly wounded.
Duvessa hits you with a +3 short sword of draining!
Duvessa completely misses you.
You closely miss Duvessa.
Duvessa is moderately wounded.
Duvessa hits you with a +3 short sword of draining!
You hit Duvessa but do no damage.
Duvessa is moderately wounded.
Duvessa hits you with a +3 short sword of draining. x2
You hit Duvessa.
Duvessa is moderately wounded.
Duvessa hits you with a +3 short sword of draining!
* * * LOW HITPOINT WARNING * * *
You block Duvessa's attack.
You sock Duvessa!
Duvessa is heavily wounded.
Duvessa hits you with a +3 short sword of draining.
* * * LOW HITPOINT WARNING * * *
Okay, then.
Unknown command.
As you read the scroll of fear, it crumbles to dust.
You assume a fearsome visage.
Duvessa easily resists.
Duvessa hits you but does no damage. You block Duvessa's attack.
Duvessa hits you with a +3 short sword of draining.
* * * LOW HITPOINT WARNING * * *
You barely miss Duvessa.
Duvessa is heavily wounded.
Duvessa closely misses you.
You hit Duvessa.
Duvessa is severely wounded.
Duvessa hits you with a +3 short sword of draining.
You die...

####.........## #.###.....# ....#
... #..#..#.#.# ....###...
#####.#....#.####.#.......
.........###..##..#.#.....
##...........................
#..................(.........
#...<.>............#.........##
##...)..........@e(............#
...........)........#..........#
##.............................##
##.....##......)....#(...........
#.....#..##........#.(..........
#.......................(.......
#..............:...##...=.......
#.....#.#.......................
..#.........>.#####...........e(.


You could see Duvessa (berserk, poisoned).

Vanquished Creatures
  Sigmund (D:2)
  A phantom (D:3)
  Dowan (D:4)
  A hound (D:3)
  7 orc priests
  4 iguanas
  3 adders
  A shadow imp (D:5)
  An ufetubus (D:5)
  A dart slug (D:3)
  3 worms (D:2)
  3 leopard geckos
  6 orcs
  3 ball pythons
  3 giant cockroaches
  3 goblins (D:1)
  7 hobgoblins
  7 jackals
  A quokka (D:5)
  5 bats
  6 frilled lizards
  9 kobolds
  4 rats (D:2)
81 creatures vanquished.

Notes
Turn   | Place    | Note
-------+----------+-------------------------------------------
     0 | D:1      | porpoise the Gargoyle Monk began the quest for the Orb.
     0 | D:1      | Reached XP level 1. HP: 14/14 MP: 1/1
   370 | D:1      | Reached XP level 2. HP: 19/19 MP: 2/2
   831 | D:1      | Reached XP level 3. HP: 24/24 MP: 3/3
   910 | D:1      | Reached skill level 4 in Fighting
  1726 | D:2      | Noticed Sigmund
  1736 | D:2      | Killed Sigmund
  1737 | D:2      | Reached skill level 5 in Fighting
  1737 | D:2      | Reached skill level 5 in Maces & Flails
  1737 | D:2      | Reached XP level 4. HP: 19/31 MP: 4/4
  1737 | D:2      | Reached XP level 5. HP: 22/35 MP: 5/5
  1880 | D:2      | Reached XP level 6. HP: 27/40 MP: 6/6
  2498 | D:3      | Noticed GoldenjunoSP's ghost (amateur DrTm)
  2507 | D:3      | Found a transporter.
  2523 | D:3      | Found a transporter.
  2583 | D:3      | Found an ornate altar of the Wu Jian Council.
  3098 | D:3      | Found a shimmering blue altar of Sif Muna.
  3287 | D:3      | Reached skill level 6 in Fighting
  3875 | D:4      | Noticed Duvessa
  4090 | D:3      | HP: 1/42 [iguana (7)]
  4093 | D:3      | Reached XP level 7. HP: 1/47 MP: 7/7
  4871 | D:4      | Noticed Dowan
  4896 | D:5      | Entered Level 5 of the Dungeon
  5217 | D:4      | Killed Dowan
  5218 | D:4      | Reached skill level 7 in Fighting
  5513 | D:4      | Reached skill level 1 in Shields
  5584 | D:4      | HP: 2/48 [Duvessa/+3 short sword of draining (5)]
  5586 | D:4      | Slain by Duvessa

Illustrated notes

Levels and vault maps discovered:
D:1:      eino_arrival_cavern_c, layout_basic
D:2:      layout_basic, uniq_sigmund
D:3:      layout_basic, overflow_temple_1_default, marbit_many_paths,
          gammafunk_ghost_arena
D:4:      layout_rooms, minmay_a_box_with_orc_wizards_in_it, uniq_duvessa
D:5:      layout_loops_ring, grunt_decor_cap, serial_park_tiny_1
D:6:      layout_cave_pods, general_overflow_altar,
          chequers_temple_overflow_statue_of_worship

Skill      XL: |  1  2  3  4  5  6  7 |
---------------+----------------------+-----
Fighting       | 5 6 7 |  7.0
Maces & Flails | 5 6 |  6.6
Shields        | 1 |  1.4
Dodging        | |  2.4
Stealth        | |  2.1

Action                   |  1- 3 |  4- 6 |  7- 9 || total
-------------------------+-------+-------+-------++-------
Melee: Mace              |   115 |   134 |       ||   249
       Flail             |       |       |    94 ||    94
Throw: Dart              |       |    15 |    15 ||    30
       Stone             |       |       |     1 ||     1
  Use: Potion            |     2 |       |     1 ||     3
       Scroll            |       |     5 |     1 ||     6
 Stab: Sleeping          |     4 |     2 |       ||     6
       Invisible         |       |       |     3 ||     3
Armor: Robe              |    24 |       |       ||    24
       Ring mail         |     7 |    46 |    38 ||    91
Dodge: Dodged            |    49 |    73 |    56 ||   178
Block: Buckler           |    14 |    13 |    13 ||    40

Table legend: (Time is in decaauts)
 A = Elapsed time spent in this place.
 B = Non-inter-level travel time spent in this place.
 C = Inter-level travel time spent in this place.
 D = Time resting spent in this place.
 E = Time spent auto-exploring this place.
 F = Levels seen in this place.
 G = Mean time per level.
                   A        B        C        D        E       F      G
               +--------+--------+--------+--------+--------+-----+--------+
         Total |   5666 |   5519 |    147 |   2414 |   2014 |   6 |  944.3 |
       Dungeon |   5666 |   5519 |    147 |   2414 |   2014 |   6 |  944.3 |
               +--------+--------+--------+--------+--------+-----+--------+

Top non-repeatable levels by time:
     D:3: 2122 daAuts
     D:2: 1553 daAuts
     D:1: 946 daAuts
     D:4: 630 daAuts
     D:5: 402 daAuts
     D:6: 11 daAuts
